[ AOE2 MATCH · #495373535 ]
UnrankedAztecs vs Mongols
Player's team · WIN
Rival team · LOSS
[ REPLAY ANALYSIS · EXTRACTED FROM THE RECORDED GAME ]
Feudal
11:06
Castle
25:21
Imperial
—
| APM avg | 76.4 |
| APM peak | 124 |
| eAPM avg | 46.8 |
| Villagers / military | 186 / 131 |
Focus
⚔️ 45.0% · 🌾 55.0%
Eagle Scout ×77 · Skirmisher ×28 · Archer ×11 · Militia ×8 · Mangonel ×4 · Spearman ×2
Feudal
11:06
Castle
15:14
Imperial
—
| APM avg | 42.2 |
| APM peak | 78 |
| eAPM avg | 16.7 |
| Villagers / military | 30 / 54 |
Focus
⚔️ 37.9% · 🌾 62.1%
Mangudai ×38 · Battering Ram ×7 · Monk ×4 · Mangonel ×4 · Scorpion ×1
Match map
Initial resources + every placement click. Lines = walls · curves = elevation contours. ◆ gold · ⬟ stone · ● berries · ✦ relic · ◌ wall gap
Your base· ✓ Closed at 25:21 · 60t walls · 1 gate(s)
[ECU] Shamash's base· Open — unwalled flank
Smoothed initial terrain · ◌ = detected wall gap · hover for details
Inputs per minute
— SVTT | Альпинист - - [ECU] Shamash
Build order — SVTT | Альпинист
First 150 of 509 actions detected
| 0:00 | Queue | Villager (Male) |
| 0:01 | Queue | Villager (Male) |
| 0:02 | Build | House |
| 0:03 | Build | House |
| 0:06 | Queue | Villager (Male) |
| 0:07 | Queue | Villager (Male) |
| 1:28 | Queue | Villager (Male) |
| 1:58 | Queue | Villager (Male) |
| 1:58 | Queue | Villager (Male) |
| 2:20 | Queue | Villager (Male) |
| 2:21 | Queue | Villager (Male) |
| 2:40 | Build | Barracks |
| 2:52 | Queue | Villager (Male) |
| 2:52 | Queue | Villager (Male) |
| 3:05 | Queue | Villager (Male) |
| 3:05 | Queue | Villager (Male) |
| 3:23 | Build | House |
| 3:39 | Queue | Villager (Male) |
| 3:43 | Queue | Militia |
| 4:02 | Queue | Militia |
| 4:05 | Build | House |
| 4:17 | Queue | Villager (Male) |
| 4:17 | Queue | Villager (Male) |
| 4:41 | Queue | Villager (Male) |
| 4:41 | Queue | Villager (Male) |
| 4:48 | Build | House |
| 5:02 | Queue | Militia |
| 5:03 | Queue | Militia |
| 5:03 | Queue | Militia |
| 5:20 | Build | House |
| 5:26 | Queue | Villager (Male) |
| 5:27 | Queue | Villager (Male) |
| 5:36 | Queue | Villager (Male) |
| 5:37 | Queue | Villager (Male) |
| 5:58 | Build | Mill |
| 6:26 | Queue | Villager (Male) |
| 6:27 | Queue | Villager (Male) |
| 6:27 | Queue | Villager (Male) |
| 6:52 | Queue | Villager (Male) |
| 7:06 | Queue | Villager (Male) |
| 7:06 | Queue | Villager (Male) |
| 7:21 | Queue | Villager (Male) |
| 7:49 | Queue | Villager (Male) |
| 7:56 | Research | Loom |
| 8:35 | Build | Lumber Camp |
| 8:56 | Research | Feudal Age |
| 8:56 | Research | Feudal Age |
| 9:11 | Queue | Militia |
| 9:13 | Queue | Militia |
| 9:14 | Queue | Militia |
| 9:47 | Build | Mining Camp |
| 10:24 | Build | House |
| 10:37 | Queue | Villager (Male) |
| 11:06 | Age | Feudal Age |
| 11:09 | Research | Man-at-Arms (upgrade) |
| 11:09 | Research | Man-at-Arms (upgrade) |
| 11:15 | Queue | Villager (Male) |
| 11:19 | Build | Archery Range |
| 11:20 | Queue | Villager (Male) |
| 11:28 | Research | Double-Bit Axe |
| 11:37 | Queue | Villager (Male) |
| 11:40 | Research | Arson |
| 11:41 | Queue | Villager (Male) |
| 11:42 | Queue | Villager (Male) |
| 11:42 | Queue | Villager (Male) |
| 11:45 | Research | Horse Collar |
| 11:45 | Research | Horse Collar |
| 11:48 | Build | Farm |
| 12:01 | Queue | Villager (Male) |
| 12:12 | Build | Farm |
| 12:16 | Queue | Archer |
| 12:16 | Queue | Archer |
| 12:31 | Queue | Skirmisher |
| 12:31 | Queue | Villager (Male) |
| 12:31 | Queue | Villager (Male) |
| 12:39 | Queue | Villager (Male) |
| 12:45 | Queue | Archer |
| 12:46 | Queue | Archer |
| 13:06 | Queue | Villager (Male) |
| 13:06 | Queue | Villager (Male) |
| 13:07 | Queue | Villager (Male) |
| 13:09 | Build | House |
| 13:15 | Queue | Archer |
| 13:34 | Build | House |
| 13:49 | Queue | Archer |
| 13:49 | Queue | Archer |
| 13:59 | Queue | Archer |
| 13:59 | Queue | Villager (Male) |
| 14:00 | Queue | Villager (Male) |
| 14:00 | Queue | Villager (Male) |
| 14:00 | Queue | Villager (Male) |
| 14:00 | Queue | Villager (Male) |
| 14:41 | Queue | Archer |
| 14:41 | Queue | Archer |
| 14:46 | Build | Farm |
| 14:46 | Build | Farm |
| 14:46 | Build | Farm |
| 14:46 | Build | Farm |
| 14:47 | Build | Farm |
| 14:47 | Queue | Spearman |
| 14:48 | Queue | Spearman |
| 14:58 | Queue | Villager (Male) |
| 14:58 | Queue | Villager (Male) |
| 14:58 | Queue | Villager (Male) |
| 14:58 | Queue | Villager (Male) |
| 15:19 | Queue | Villager (Male) |
| 15:19 | Queue | Villager (Male) |
| 15:33 | Build | Mining Camp |
| 15:34 | Build | Farm |
| 15:58 | Research | Town Watch |
| 16:05 | Build | Blacksmith |
| 16:12 | Queue | Skirmisher |
| 16:14 | Queue | Villager (Male) |
| 16:34 | Queue | Villager (Male) |
| 16:36 | Build | Farm |
| 16:39 | Build | House |
| 16:40 | Build | House |
| 16:51 | Queue | Eagle Scout |
| 16:55 | Queue | Villager (Male) |
| 17:01 | Research | Fletching |
| 17:01 | Research | Padded Archer Armor |
| 17:01 | Research | Padded Archer Armor |
| 17:34 | Queue | Villager (Male) |
| 17:37 | Build | House |
| 17:37 | Queue | Villager (Male) |
| 17:43 | Build | Palisade Wall |
| 17:55 | Queue | Archer |
| 18:17 | Build | Farm |
| 18:18 | Build | Farm |
| 18:18 | Build | Farm |
| 18:18 | Build | Farm |
| 18:20 | Queue | Villager (Male) |
| 18:38 | Build | Stone Wall |
| 18:38 | Queue | Villager (Male) |
| 18:43 | Build | Watch Tower |
| 18:48 | Build | Watch Tower |
| 18:54 | Build | Watch Tower |
| 18:55 | Queue | Villager (Male) |
| 18:58 | Build | Stone Wall |
| 19:08 | Queue | Villager (Male) |
| 19:14 | Build | Stone Wall |
| 19:16 | Queue | Villager (Male) |
| 19:21 | Build | Lumber Camp |
| 19:25 | Build | Farm |
| 19:25 | Build | Farm |
| 19:26 | Build | Farm |
| 19:26 | Build | Farm |
| 19:26 | Build | Farm |
| 19:33 | Build | Gate |
| 19:42 | Build | House |
Build order — [ECU] Shamash
First 150 of 169 actions detected
| 0:01 | Queue | Villager (Male) |
| 0:02 | Queue | Villager (Male) |
| 0:02 | Queue | Villager (Male) |
| 0:02 | Build | House |
| 0:04 | Build | House |
| 0:22 | Queue | Villager (Male) |
| 1:45 | Queue | Villager (Male) |
| 1:46 | Queue | Villager (Male) |
| 1:47 | Queue | Villager (Male) |
| 2:03 | Queue | Villager (Male) |
| 2:17 | Queue | Villager (Male) |
| 2:49 | Queue | Villager (Male) |
| 2:49 | Queue | Villager (Male) |
| 2:59 | Build | Lumber Camp |
| 3:10 | Queue | Villager (Male) |
| 3:10 | Queue | Villager (Male) |
| 3:10 | Queue | Villager (Male) |
| 3:22 | Build | House |
| 3:27 | Build | House |
| 3:44 | Queue | Villager (Male) |
| 4:05 | Build | Palisade Wall |
| 4:22 | Queue | Villager (Male) |
| 4:42 | Queue | Villager (Male) |
| 4:49 | Queue | Villager (Male) |
| 5:22 | Queue | Villager (Male) |
| 5:25 | Build | Palisade Wall |
| 5:33 | Queue | Villager (Male) |
| 5:40 | Build | Palisade Wall |
| 5:49 | Build | Palisade Wall |
| 6:03 | Build | Palisade Wall |
| 6:08 | Build | House |
| 6:17 | Build | Palisade Wall |
| 6:17 | Build | Palisade Wall |
| 6:26 | Research | Loom |
| 6:26 | Research | Loom |
| 6:40 | Build | Mill |
| 6:50 | Queue | Villager (Male) |
| 7:08 | Queue | Villager (Male) |
| 7:16 | Queue | Villager (Male) |
| 7:20 | Build | House |
| 7:29 | Build | Palisade Gate |
| 7:45 | Build | Palisade Wall |
| 8:08 | Build | Mill |
| 8:11 | Queue | Villager (Male) |
| 8:56 | Research | Feudal Age |
| 8:56 | Research | Feudal Age |
| 9:21 | Build | Palisade Wall |
| 9:27 | Build | Palisade Wall |
| 9:39 | Build | House |
| 9:58 | Build | Palisade Wall |
| 10:15 | Build | Palisade Wall |
| 10:22 | Build | House |
| 10:35 | Build | Palisade Wall |
| 11:06 | Age | Feudal Age |
| 11:08 | Queue | Villager (Male) |
| 11:21 | Build | Palisade Wall |
| 11:24 | Build | Market |
| 11:26 | Build | Blacksmith |
| 11:36 | Build | House |
| 11:38 | Queue | Villager (Male) |
| 11:47 | Build | Palisade Wall |
| 12:11 | Queue | Villager (Male) |
| 12:19 | Build | Mining Camp |
| 12:34 | Research | Castle Age |
| 12:34 | Research | Castle Age |
| 12:38 | Build | Palisade Wall |
| 12:50 | Build | Palisade Wall |
| 13:11 | Build | Palisade Wall |
| 13:16 | Build | Palisade Wall |
| 13:44 | Build | Stone Wall |
| 14:32 | Build | House |
| 14:43 | Build | Gate |
| 14:47 | Build | Stone Wall |
| 15:14 | Age | Castle Age |
| 15:21 | Queue | Villager (Male) |
| 16:26 | Build | Castle |
| 16:33 | Build | Palisade Wall |
| 16:36 | Build | House |
| 17:28 | Queue | Mangudai |
| 17:40 | Queue | Mangudai |
| 17:50 | Build | Mining Camp |
| 18:02 | Queue | Villager (Male) |
| 18:43 | Queue | Mangudai |
| 19:36 | Queue | Mangudai |
| 20:01 | Queue | Mangudai |
| 20:10 | Build | Mining Camp |
| 20:30 | Queue | Mangudai |
| 21:11 | Queue | Mangudai |
| 21:26 | Build | Siege Workshop |
| 21:43 | Queue | Mangudai |
| 21:59 | Research | Fletching |
| 21:59 | Research | Fletching |
| 22:24 | Queue | Battering Ram |
| 22:27 | Queue | Scorpion |
| 22:32 | Build | House |
| 22:54 | Build | Monastery |
| 23:11 | Queue | Villager (Male) |
| 23:30 | Queue | Monk |
| 23:34 | Queue | Battering Ram |
| 24:17 | Queue | Mangudai |
| 24:21 | Queue | Mangonel |
| 24:34 | Queue | Mangudai |
| 24:47 | Build | House |
| 25:40 | Queue | Mangonel |
| 26:40 | Queue | Mangudai |
| 27:30 | Build | Outpost |
| 27:34 | Queue | Battering Ram |
| 28:23 | Queue | Monk |
| 28:31 | Build | House |
| 28:35 | Queue | Mangudai |
| 29:07 | Research | Bodkin Arrow |
| 29:07 | Research | Bodkin Arrow |
| 30:11 | Queue | Mangudai |
| 30:11 | Queue | Mangudai |
| 30:36 | Build | Lumber Camp |
| 30:59 | Build | House |
| 31:27 | Build | Outpost |
| 31:57 | Queue | Mangudai |
| 32:12 | Build | Palisade Gate |
| 32:16 | Build | Palisade Wall |
| 32:32 | Queue | Mangudai |
| 32:46 | Queue | Battering Ram |
| 33:05 | Queue | Mangudai |
| 33:24 | Build | Outpost |
| 33:36 | Queue | Mangudai |
| 33:54 | Build | House |
| 34:10 | Queue | Mangudai |
| 34:12 | Queue | Mangudai |
| 34:53 | Build | House |
| 35:01 | Queue | Mangonel |
| 35:04 | Queue | Mangudai |
| 35:05 | Queue | Mangudai |
| 36:50 | Build | House |
| 36:57 | Build | Mining Camp |
| 36:59 | Queue | Mangudai |
| 37:00 | Queue | Mangudai |
| 37:27 | Build | Town Center |
| 39:48 | Queue | Mangudai |
| 39:48 | Queue | Mangudai |
| 40:06 | Build | Siege Workshop |
| 40:24 | Build | University |
| 40:26 | Queue | Mangudai |
| 40:30 | Queue | Mangudai |
| 40:34 | Queue | Monk |
| 41:02 | Build | Palisade Wall |
| 41:04 | Build | Palisade Wall |
| 41:07 | Build | Palisade Wall |
| 41:40 | Research | Ballistics |
| 41:40 | Research | Ballistics |
| 41:57 | Build | House |
Match timeline
| 2:40 | SVTT | Альпинист · first_building Barracks |
| 4:05 | [ECU] Shamash · wall_segment Palisade Wall x3 |
| 5:25 | [ECU] Shamash · wall_segment Palisade Wall x2 |
| 5:40 | [ECU] Shamash · wall_segment Palisade Wall x13 |
| 5:49 | [ECU] Shamash · wall_segment Palisade Wall x19 |
| 6:03 | [ECU] Shamash · wall_segment Palisade Wall x1 |
| 6:17 | [ECU] Shamash · wall_segment Palisade Wall x1 |
| 6:17 | [ECU] Shamash · wall_segment Palisade Wall x1 |
| 7:45 | [ECU] Shamash · wall_segment Palisade Wall x1 |
| 9:21 | [ECU] Shamash · wall_segment Palisade Wall x2 |
| 9:27 | [ECU] Shamash · wall_segment Palisade Wall x2 |
| 9:58 | [ECU] Shamash · wall_segment Palisade Wall x2 |
| 10:15 | [ECU] Shamash · wall_segment Palisade Wall x5 |
| 10:35 | [ECU] Shamash · wall_segment Palisade Wall x2 |
| 11:06 | [ECU] Shamash · age_up feudal |
| 11:06 | SVTT | Альпинист · age_up feudal |
| 11:19 | SVTT | Альпинист · first_building Archery Range |
| 11:21 | [ECU] Shamash · wall_segment Palisade Wall x2 |
| 11:47 | [ECU] Shamash · wall_segment Palisade Wall x3 |
| 12:21 | [ECU] Shamash · first_market_sell 500 stone |
| 12:38 | [ECU] Shamash · wall_segment Palisade Wall x3 |
| 12:50 | [ECU] Shamash · wall_segment Palisade Wall x2 |
| 13:11 | [ECU] Shamash · wall_segment Palisade Wall x8 |
| 13:16 | [ECU] Shamash · wall_segment Palisade Wall x3 |
| 13:44 | [ECU] Shamash · wall_segment Stone Wall x5 |
| 14:47 | [ECU] Shamash · wall_segment Stone Wall x1 |
| 15:14 | [ECU] Shamash · age_up castle |
| 16:08 | [ECU] Shamash · first_market_buy 100 stone |
| 16:26 | [ECU] Shamash · first_building Castle |
| 16:33 | [ECU] Shamash · wall_segment Palisade Wall x2 |
| 17:43 | SVTT | Альпинист · wall_segment Palisade Wall x9 |
| 18:38 | SVTT | Альпинист · wall_segment Stone Wall x13 |
| 18:58 | SVTT | Альпинист · wall_segment Stone Wall x8 |
| 19:14 | SVTT | Альпинист · wall_segment Stone Wall x5 |
| 19:52 | SVTT | Альпинист · wall_segment Palisade Wall x1 |
| 20:00 | SVTT | Альпинист · wall_segment Stone Wall x5 |
| 20:11 | SVTT | Альпинист · wall_segment Stone Wall x1 |
| 20:22 | SVTT | Альпинист · wall_segment Stone Wall x2 |
| 20:57 | SVTT | Альпинист · wall_segment Stone Wall x1 |
| 21:26 | [ECU] Shamash · first_building Siege Workshop |
| 22:21 | SVTT | Альпинист · first_market_sell 100 wood |
| 22:21 | SVTT | Альпинист · first_market_buy 100 food |
| 22:54 | [ECU] Shamash · first_building Monastery |
| 23:16 | SVTT | Альпинист · wall_segment Stone Wall x5 |
| 23:17 | SVTT | Альпинист · wall_segment Stone Wall x1 |
| 23:24 | SVTT | Альпинист · wall_segment Stone Wall x3 |
| 24:50 | SVTT | Альпинист · wall_segment Stone Wall x3 |
| 24:52 | SVTT | Альпинист · wall_segment Stone Wall x1 |
| 24:55 | SVTT | Альпинист · wall_segment Stone Wall x3 |
| 24:58 | SVTT | Альпинист · wall_segment Stone Wall x1 |
| 24:59 | SVTT | Альпинист · wall_segment Stone Wall x1 |
| 25:21 | SVTT | Альпинист · age_up castle |
| 25:34 | SVTT | Альпинист · first_building Siege Workshop |
| 26:52 | SVTT | Альпинист · first_building Castle |
| 32:16 | [ECU] Shamash · wall_segment Palisade Wall x7 |
| 33:20 | SVTT | Альпинист · wall_segment Stone Wall x2 |
| 41:02 | [ECU] Shamash · wall_segment Palisade Wall x1 |
| 41:04 | [ECU] Shamash · wall_segment Palisade Wall x1 |
| 41:07 | [ECU] Shamash · wall_segment Palisade Wall x1 |
| 42:22 | SVTT | Альпинист · wall_segment Stone Wall x6 |
| 43:26 | SVTT | Альпинист · first_building Monastery |
| 48:57 | [ECU] Shamash · resign |
[ AI ANALYSIS · 1 CREDIT ]
What really happened in this match?
Wolo.gg analyzes every decision: build order, eco, micro, common mistakes by bracket. Personalized analysis on WhatsApp or Discord in 30 seconds.
Civ guide
Aztecs
Perfil
SVTT | Альпинист